 Dungeon Crawl Stone Soup version 0.30-a0-462-gd5975efbca (webtiles) character file.

Game seed: 5575473922109705222

2541 Ijustatesigmund the Arsonist (level 9, -3/62 (69) HPs)
             Began as a Hill Orc Fire Elementalist on Dec 16, 2022.
             Slain by a wight
             ... wielding a +0 battleaxe
              (11 damage)
             ... on level 7 of the Dungeon.
             The game lasted 00:18:12 (8502 turns).

Ijustatesigmund the Arsonist (HOFE)                 Turns: 8502, Time: 00:18:12

HP:   -3/62 (69)    AC:  7    Str: 11    XL:     9   Next: 55%
MP:   7/11          EV: 11    Int: 27    God:
Gold: 407           SH:  0    Dex:  8    Spells: 4/11 levels left

rFire   . . .      SeeInvis .    c - +0 war axe (drain)
rCold   + . .      Faith    .    (no shield)
rNeg    + . .      Spirit   .    a - +2 robe of Quantum Leap {+Inv Int+8 Dex-3}
rPois   .          Reflect  .    r - +0 helmet
rElec   .          Harm     .    (no cloak)
rCorr   .          Rampage  .    (no gloves)
Will    .....                    d - +1 pair of boots
Stlth   +.........               (no amulet)
HPRegen 0.30/turn                s - ring of positive energy
MPRegen 0.12/turn                t - ring of protection from cold

@: heavily drained
A: no striking features
a: Evoke Invisibility


You were on level 7 of the Dungeon.
You visited 2 branches of the dungeon, and saw 8 of its levels.

You collected 407 gold pieces.

Inventory:

Hand Weapons
 c - a +0 war axe of draining (weapon)
Armour
 a - the +2 robe of Quantum Leap (worn) {+Inv Int+8 Dex-3}
   (You found it on level 4 of the Dungeon)

   Int:       It affects your intelligence (+8).
   Dex:       It affects your dexterity (-3).
   +Inv:      It lets you turn invisible.
 d - a +1 pair of boots (worn)
 p - the +1 plate armour of Sylucsol {Str+4 Dex+4}
   (You found it on level 3 of the Dungeon)

   Str:       It affects your strength (+4).
   Dex:       It affects your dexterity (+4).
 r - a +0 helmet (worn)
Jewellery
 h - an amulet of the acrobat
 q - an amulet of guardian spirit
 s - a ring of positive energy (left hand)
 t - a ring of protection from cold (right hand)
Wands
 m - a wand of mindburst (11)
Scrolls
 g - a scroll of identify
 i - a scroll of amnesia
 j - 3 scrolls of teleportation
 l - 2 scrolls of immolation
 o - 2 scrolls of silence
 v - a scroll of blinking
 w - a scroll of poison
 y - a scroll of enchant armour
 C - a scroll of magic mapping
Potions
 b - 3 potions of magic
 e - 2 potions of curing
 f - a potion of attraction
 k - 2 potions of brilliance
 n - a potion of mutation
 u - a potion of heal wounds
 x - a potion of haste
 z - a potion of lignification
 A - a potion of resistance {unknown}
 B - a potion of flight {unknown}


   Skills:
 - Level 3.0 Fighting
 + Level 8.6 Axes
 - Level 1.5 Dodging
 - Level 1.5 Stealth
 - Level 1.5 Spellcasting
 + Level 7.3 Conjurations
 + Level 8.7 Fire Magic


You had 4 spell levels left.
You knew the following spells:

 Your Spells              Type           Power      Damage    Failure   Level
a - Foxfire               Conj/Fire      100%       2x1d9     1%          1
b - Scorch                Fire           98%        2d10      1%          2
c - Flame Wave            Conj/Fire      45%        2d12      3%          4

Your spell library contained the following spells:

 Spells                   Type           Power      Damage    Failure   Level
 Kiss of Death            Conj/Necr      88%        2d12      2%          1
 Inner Flame              Hex/Fire       25%        N/A       4%          3
 Ignite Poison            Fire/Tmut/Pois 17%        N/A       10%         3
 Kindle Blastsparks       Fire/Tloc/Air  34%        2d12      10%         3
 Confusing Touch          Hex            2%         N/A       30%         3
 Gell's Gravitas          Tloc           2%         N/A       30%         3
 Lesser Beckoning         Tloc           4%         N/A       30%         3
 Teleport Other           Tloc           2%         N/A       30%         3
 Dispel Undead            Necr           2%         3d7       71%         4
 Freezing Cloud           Conj/Ice/Air   7%         6-21      71%         5


Dungeon Overview and Level Annotations

Branches:
Dungeon (7/15)             Temple (1/1) D:7

Altars:
Ashenzari
Cheibriados
Dithmenos
Elyvilon
Fedhas
Gozag
Hepliaklqana
Kikubaaqudgha
Makhleb
Nemelex Xobeh
Okawaru
Qazlal
Sif Muna
Trog
Uskayaw
Vehumet
Wu Jian
Xom
Yredelemnul
Zin
The Shining One


Message History

You hit the wight but do no damage.
The wight is lightly damaged.
You hit the wight. The wight hits you with a +1 spear. You partially resist.
You feel drained.
You are too injured to fight recklessly!
You are too injured to fight recklessly!
You are too injured to fight recklessly!
You are too injured to fight recklessly!
You are too injured to fight recklessly!
You are too injured to fight recklessly!
You are too injured to fight recklessly!
You are too injured to fight recklessly!
You are too injured to fight recklessly!
You are too injured to fight recklessly!
You are too injured to fight recklessly!
You are too injured to fight recklessly!
You are too injured to fight recklessly!
Unknown command.
Casting: Foxfire (safe; 1% risk of failure)
Confirm with . or Enter, or press ? or * to list all spells.
Flames lash the wight.
The wight is severely damaged.
The wight's fire resistance burns away.
The wight hits you with a +1 spear. The wight closely misses you.
The wight hits you with a +0 battleaxe!
* * * LOW HITPOINT WARNING * * *
You partially resist.
You feel drained.
* * * LOW HITPOINT WARNING * * *
The wight barely misses you. The wight hits you with a +0 falchion.
* * * LOW HITPOINT WARNING * * *
Casting: Scorch (safe; 1% risk of failure)
Confirm with . or Enter, or press ? or * to list all spells.
Flames lash the wight.
The wight is moderately damaged.
The wight's fire resistance burns away.
The wight barely misses you. The wight hits you with a +1 spear.
* * * LOW HITPOINT WARNING * * *
The wight closely misses you. The wight hits you with a +0 battleaxe!
You die...

#.........# ####.
#.........# ####....
#.......[.######....##.
##.........#......#####.
#..<.....<...###### #.
#.......[).....# #.
#.......(......# ##
#..##.zz.......# ##
.###..##(z@#......########.
......#).(.................
..................#####....
........(.##......## #.....
........####.......##......
........# #...............
........# #......##.......
........# ####..## ##.....
........# #..# ##....


You could see 3 wights.

Vanquished Creatures
  Prince Ribbit (D:5)
  Menkaure (D:7)
  3 water moccasins (D:6)
  Duvessa (D:4)
  3 black bears
  An orc warrior (D:6)
  3 phantoms (D:5)
  A kobold brigand (D:7)
  A bullfrog (D:6)
  2 scorpions
  A gnoll sergeant (D:6)
  4 wights
  Dowan (D:4)
  5 hounds
  2 jellies (D:7)
  3 orc priests
  3 iguanas
  2 orc wizards (D:5)
  4 gnolls
  4 adders
  A river rat (D:3)
  2 shadow imps (D:6)
  An ufetubus (D:5)
  5 worms
  6 dart slugs
  17 orcs
  7 bats
  7 endoplasms
  A giant cockroach (D:3)
  7 goblins
  9 hobgoblins
  5 jackals
  3 quokkas
  2 training dummies (D:4)
  5 ball pythons
  3 frilled lizards (D:2)
  10 kobolds
  8 rats
145 creatures vanquished.

Vanquished Creatures (others)
  251 foxfires
251 creatures vanquished.

Grand Total: 396 creatures vanquished

Notes
Turn   | Place    | Note
-------+----------+-------------------------------------------
     0 | D:1      | Ijustatesigmund the Hill Orc Fire Elementalist began the
                  | quest for the Orb.
     0 | D:1      | Reached XP level 1. HP: 14/14 MP: 3/3
   352 | D:1      | Reached skill level 1 in Fighting
   352 | D:1      | Reached XP level 2. HP: 23/23 MP: 0/4
   646 | D:2      | Learned a level 2 spell: Scorch
   887 | D:1      | Reached XP level 3. HP: 28/28 MP: 3/5
  1671 | D:2      | Reached XP level 4. HP: 36/36 MP: 3/6
  2634 | D:3      | Identified the +1 plate armour of Sylucsol {Str+4 Dex+4}
  3384 | D:4      | Identified the +2 robe of Quantum Leap {+Inv Int+8 Dex-3}
  3402 | D:4      | Found a burning altar of Makhleb.
  3402 | D:4      | Found an opulent altar of Gozag.
  3407 | D:4      | Reached XP level 5. HP: 44/44 MP: 2/7
  3502 | D:4      | Found a shadowy altar of Dithmenos.
  3799 | D:4      | Learned a level 4 spell: Flame Wave
  4015 | D:4      | Found a radiant altar of Vehumet.
  4136 | D:4      | Found a sparkling altar of Nemelex Xobeh.
  4597 | D:4      | Noticed Duvessa
  4597 | D:4      | Noticed Dowan
  4617 | D:4      | Killed Duvessa
  4618 | D:4      | Reached skill level 5 in Fire Magic
  4618 | D:4      | Reached XP level 6. HP: 30/51 MP: 1/8
  4618 | D:4      | Killed Dowan
  4947 | D:5      | Entered Level 5 of the Dungeon
  5107 | D:5      | Noticed a black bear
  5112 | D:5      | Killed a black bear
  5113 | D:5      | Reached XP level 7. HP: 49/57 MP: 2/9
  5572 | D:6      | Reached skill level 5 in Axes
  5572 | D:6      | Reached skill level 5 in Conjurations
  5572 | D:6      | Reached XP level 8. HP: 19/63 MP: 2/10
  6223 | D:5      | Noticed Prince Ribbit
  6231 | D:5      | Killed Prince Ribbit
  6973 | D:6      | Reached XP level 9. HP: 47/69 MP: 1/11
  7076 | D:6      | Found a snail-covered altar of Cheibriados.
  8075 | D:7      | Noticed Menkaure
  8084 | D:7      | Killed Menkaure
  8433 | D:7      | Found a staircase to the Ecumenical Temple.
  8442 | Temple   | Entered the Ecumenical Temple
  8442 | Temple   | Found a transporter.
  8442 | Temple   | Found a transporter.
  8444 | Temple   | Found a transporter.
  8444 | Temple   | Found a transporter.
  8502 | D:7      | Slain by a wight

Illustrated notes

Levels and vault maps discovered:
D:1:      kilobyte_arrival_exit_the_forest, layout_rooms,
          corexii_leaking_fountain, minmay_tetromino_i4
D:2:      layout_basic, minmay_quantized
D:3:      layout_loops_corners, portal_sewer_entry_c, minmay_joined_circles
D:4:      dreamdust_elfheim, layout_layer_cave,
          mainiacjoe_overflow_six_doors_small, nicolae_overflow_hidden_temple,
          grunt_temple_overflow_open
D:5:      layout_rooms, grunt_ministairs_4, uniq_prince_ribbit1
D:6:      layout_loops_corners, mainiacjoe_overflow_concentric_impassable,
          minmay_fractal_squares_5
D:7:      layout_rooms, minmay_temple_entry_mist, uniq_menkaure
Temple:   hellmonk_temple_divided_pantheon

Skill      XL: |  1  2  3  4  5  6  7  8  9 |
---------------+----------------------------+-----
Fighting       | 1 2 3 |  3.0
Conjurations   | 2 3 4 5 6 7 |  7.3
Fire Magic     | 4 5 6 7 8 |  8.7
Axes           | 2 3 5 7 8 |  8.6
Dodging        | |  1.5
Stealth        | |  1.5
Spellcasting   | |  1.5

Action                   |  1- 3 |  4- 6 |  7- 9 || total
-------------------------+-------+-------+-------++-------
Melee: Unarmed           |     2 |       |       ||     2
       Dagger            |    28 |       |       ||    28
       Short sword       |    13 |    81 |       ||    94
       War axe           |       |    33 |    92 ||   125
       Punch             |       |     2 |     2 ||     4
 Cast: Foxfire           |    48 |    39 |    70 ||   157
       Scorch            |     2 |    16 |    50 ||    68
       Flame Wave        |       |     1 |       ||     1
Evoke: Wand              |       |     1 |     1 ||     2
  Use: Scroll            |       |    19 |     6 ||    25
       Potion            |       |     1 |     2 ||     3
 Stab: Sleeping          |       |     2 |       ||     2
Armor: Robe              |    13 |    43 |    37 ||    93
Dodge: Dodged            |    55 |    58 |    91 ||   204

Table legend: (Time is in decaauts)
 A = Elapsed time spent in this place.
 B = Non-inter-level travel time spent in this place.
 C = Inter-level travel time spent in this place.
 D = Time resting spent in this place.
 E = Time spent auto-exploring this place.
 F = Levels seen in this place.
 G = Mean time per level.
                   A        B        C        D        E       F      G
               +--------+--------+--------+--------+--------+-----+--------+
         Total |   8552 |   8353 |    199 |   1294 |   5709 |   8 | 1069.0 |
       Dungeon |   8512 |   8325 |    187 |   1294 |   5703 |   7 | 1216.0 |
        Temple |     39 |     28 |     11 |      0 |      6 |   1 |   39.0 |
               +--------+--------+--------+--------+--------+-----+--------+

Top non-repeatable levels by time:
     D:6: 2070 daAuts
     D:4: 1567 daAuts
     D:3: 1304 daAuts
     D:5: 1165 daAuts
     D:1: 1124 daAuts
     D:2: 970 daAuts
     D:7: 308 daAuts
  Temple: 39 daAuts
